PIO (24 & UNDER)
SEATTLE RAINIERS @ SASKATOON SMOKIN' GUNS
05/28/2026
 
TOP OF THE 1ST
Seattle Rainiers batting - Pitching for Saskatoon Smokin' Guns : RHP Bernie Titus
Pitching: RHP Bernie Titus
Batting: RHB Jorge Colón 0-0: Ball
1-0: Fly out, F4 (Popup, 4MD)
Batting: RHB Alfredo Farías 0-0: Ball
1-0: Swinging Strike
1-1: Called Strike
1-2: Strikes out swinging
Batting: RHB Robert Marks 0-0: Swinging Strike
0-1: Ball
1-1: Called Strike
1-2: Foul Ball, location: 2F
1-2: Strikes out looking
Top of the 1st over - 0 run(s), 0 hit(s), 0 error(s), 0 left on base; Seattle 0 - Saskatoon 0
BOTTOM OF THE 1ST
Saskatoon Smokin' Guns batting - Pitching for Seattle Rainiers : RHP Tony Baltazar
Pitching: RHP Tony Baltazar
Batting: LHB Alejandro Rojas 0-0: Ground out 4-3 (Groundball, 4S)
Batting: RHB Zack Flint 0-0: Swinging Strike
0-1: Ball
1-1: Called Strike
1-2: Ball
2-2: Strikes out swinging
Batting: LHB Russell Peck 0-0: Fly out, F7 (Flyball, 7S)
Bottom of the 1st over - 0 run(s), 0 hit(s), 0 error(s), 0 left on base; Seattle 0 - Saskatoon 0
TOP OF THE 2ND
Seattle Rainiers batting - Pitching for Saskatoon Smokin' Guns : RHP Bernie Titus
Batting: LHB Alan Moore 0-0: Called Strike
0-1: Ball
1-1: SINGLE (Line Drive, 8RS)
Batting: RHB Vincent Braun 0-0: Called Strike
0-1: Foul Ball, location: 2F
0-2: SINGLE (Flyball, 8LS)
Alan Moore to second
Runner from 2nd tries for 3rd, SAFE, throw made to third
Vincent Braun to second
Batting: RHB Tony Hernández 0-0: Fly out, F9 (Flyball, 9S)
Batting: RHB Jeremiah Soto 0-0: Called Strike
0-1: Ball
1-1: Ball
2-1: Ball
3-1: SINGLE (Line Drive, 34D)
Alan Moore scores
Vincent Braun to third
Batting: RHB John Hill 0-0: Ball
1-0: Ball
2-0: Foul Ball, location: 2F
2-1: Called Strike
2-2: Fielders Choice at 2nd, 3-6 (Groundball, 3)
Vincent Braun scores
Batting: RHB Bill Dawson 0-0: Ball
1-0: Ball
2-0: Called Strike
2-1: Foul Ball, location: 2F
2-2: Foul Ball, location: 2F
2-2: Ball
3-2: Fly out, F9 (Line Drive, 9M)
Top of the 2nd over - 2 run(s), 3 hit(s), 0 error(s), 1 left on base; Seattle 2 - Saskatoon 0
BOTTOM OF THE 2ND
Saskatoon Smokin' Guns batting - Pitching for Seattle Rainiers : RHP Tony Baltazar
Batting: LHB José Liñares 0-0: Ball
1-0: Ball
2-0: DOUBLE (Flyball, 8LXD)
Batting: RHB Luis Ibarra 0-0: Called Strike
0-1: Ball
1-1: Ball
2-1: Fly out, F2 (Popup, 2RF)
Batting: LHB Bo Rush 0-0: Fly out, F8 (Flyball, 8LD)
Batting: RHB Xavier López 0-0: Ground out 5-3 (Groundball, 5)
Bottom of the 2nd over - 0 run(s), 1 hit(s), 0 error(s), 1 left on base; Seattle 2 - Saskatoon 0
TOP OF THE 3RD
Seattle Rainiers batting - Pitching for Saskatoon Smokin' Guns : RHP Bernie Titus
Batting: RHB Jorge Colón 0-0: Bunted foul
0-1: Ball
1-1: Swinging Strike
1-2: Ball
2-2: TRIPLE (Line Drive, 9LM)
Batting: RHB Alfredo Farías 0-0: Called Strike
0-1: Foul Ball, location: 2F
0-2: Foul Ball, location: 2F
0-2: Strikes out swinging
Batting: RHB Robert Marks 0-0: Ball
1-0: Called Strike
1-1: Ball
2-1: Swinging Strike
2-2: Strikes out swinging
Batting: LHB Alan Moore 0-0: Ball
1-0: Ball
2-0: Called Strike
2-1: Swinging Strike
2-2: DOUBLE (Line Drive, 78D)
Jorge Colón scores
Batting: RHB Vincent Braun 0-0: Swinging Strike
0-1: Ball
1-1: Swinging Strike
1-2: Ball
2-2: Ball
3-2: Strikes out swinging
Top of the 3rd over - 1 run(s), 2 hit(s), 0 error(s), 1 left on base; Seattle 3 - Saskatoon 0
BOTTOM OF THE 3RD
Saskatoon Smokin' Guns batting - Pitching for Seattle Rainiers : RHP Tony Baltazar
Batting: RHB César Rodríguez 0-0: Ball
1-0: Ball
2-0: TRIPLE (Line Drive, 9LM)
Batting: RHB Ben Fisher 0-0: Foul Ball, location: 2F
0-1: Ball
1-1: Foul Ball, location: 2F
1-2: Ball
2-2: Fly out, F9 (Flyball, 89M)
Runner from 3rd tags up, SCORES, no throw
Batting: LHB Alejandro Rojas 0-0: Ball
1-0: Called Strike
1-1: Foul Ball, location: 2F
1-2: Ball
2-2: Fly out, F5 (Popup, 5SF)
Batting: RHB Zack Flint 0-0: Swinging Strike
0-1: Ball
1-1: Foul Ball, location: 2F
1-2: Ground out 4-3 (Groundball, 4MD)
Bottom of the 3rd over - 1 run(s), 1 hit(s), 0 error(s), 0 left on base; Seattle 3 - Saskatoon 1
TOP OF THE 4TH
Seattle Rainiers batting - Pitching for Saskatoon Smokin' Guns : RHP Bernie Titus
Batting: RHB Tony Hernández 0-0: Ground out 4-3 (Groundball, 4)
Batting: RHB Jeremiah Soto 0-0: Foul Ball, location: 2F
0-1: Bunted foul
0-2: Ball
1-2: Fly out, F8 (Flyball, 8RM)
Batting: RHB John Hill 0-0: Foul Ball, location: 2F
0-1: Swinging Strike
0-2: Strikes out swinging
Top of the 4th over - 0 run(s), 0 hit(s), 0 error(s), 0 left on base; Seattle 3 - Saskatoon 1
BOTTOM OF THE 4TH
Saskatoon Smokin' Guns batting - Pitching for Seattle Rainiers : RHP Tony Baltazar
Batting: LHB Russell Peck 0-0: Ball
1-0: Fly out, F3 (Line Drive, 3S)
Batting: LHB José Liñares 0-0: Called Strike
0-1: Ball
1-1: Foul Ball, location: 2F
1-2: Foul Ball, location: 2F
1-2: Ground out 1-3 (Groundball, 13)
Batting: RHB Luis Ibarra 0-0: Ball
1-0: Ball
2-0: Called Strike
2-1: Ball
3-1: Ground out 4-3 (Groundball, 4)
Bottom of the 4th over - 0 run(s), 0 hit(s), 0 error(s), 0 left on base; Seattle 3 - Saskatoon 1
TOP OF THE 5TH
Seattle Rainiers batting - Pitching for Saskatoon Smokin' Guns : RHP Bernie Titus
Batting: RHB Bill Dawson 0-0: Called Strike
0-1: Called Strike
0-2: Ball
1-2: Strikes out looking
Batting: RHB Jorge Colón 0-0: Ball
1-0: Foul Ball, location: 2F
1-1: Ball
2-1: Bunted foul
2-2: Ball
3-2: Strikes out swinging
Batting: RHB Alfredo Farías 0-0: Ball
1-0: Called Strike
1-1: Called Strike
1-2: Fly out, F6 (Line Drive, 6)
Top of the 5th over - 0 run(s), 0 hit(s), 0 error(s), 0 left on base; Seattle 3 - Saskatoon 1
BOTTOM OF THE 5TH
Saskatoon Smokin' Guns batting - Pitching for Seattle Rainiers : RHP Tony Baltazar
Batting: LHB Bo Rush 0-0: Ball
1-0: Called Strike
1-1: Foul Ball, location: 2F
1-2: Ball
2-2: Fly out, F7 (Flyball, 7M)
Batting: RHB Xavier López 0-0: Ground out 1-3 (Groundball, 23)
Batting: RHB César Rodríguez 0-0: Ground out 6-3 (Groundball, 6)
Bottom of the 5th over - 0 run(s), 0 hit(s), 0 error(s), 0 left on base; Seattle 3 - Saskatoon 1
TOP OF THE 6TH
Seattle Rainiers batting - Pitching for Saskatoon Smokin' Guns : RHP Bernie Titus
Pitching: RHP Luis Mejía
Batting: RHB Robert Marks 0-0: Fly out, F9 (Line Drive, 89M)
Batting: LHB Alan Moore 0-0: Called Strike
0-1: Hit by Pitch
Batting: RHB Vincent Braun 0-0: Ball
1-0: Swinging Strike
1-1: Swinging Strike
1-2: Foul Ball, location: 2F
1-2: Strikes out swinging
Batting: RHB Tony Hernández 0-0: Called Strike
Pickoff Throw to First - Out!
Top of the 6th over - 0 run(s), 0 hit(s), 0 error(s), 0 left on base; Seattle 3 - Saskatoon 1
BOTTOM OF THE 6TH
Saskatoon Smokin' Guns batting - Pitching for Seattle Rainiers : RHP Tony Baltazar
Batting: RHB Ben Fisher 0-0: Swinging Strike
0-1: Ball
1-1: DOUBLE (Line Drive, 56D)
Pinch Runner at 2nd Peter Bryant:
Batting: LHB Alejandro Rojas 0-0: Called Strike
0-1: Ball
1-1: Ground out U3 (Groundball, 3)
Peter Bryant to third
Batting: RHB Zack Flint 0-0: Called Strike
0-1: Fly out, F8 (Flyball, 8RD)
Runner from 3rd tags up, SCORES, no throw
Batting: LHB Russell Peck 0-0: Fly out, F8 (Flyball, 8RM)
Bottom of the 6th over - 1 run(s), 1 hit(s), 0 error(s), 0 left on base; Seattle 3 - Saskatoon 2
TOP OF THE 7TH
Seattle Rainiers batting - Pitching for Saskatoon Smokin' Guns : RHP Luis Mejía
Now at 3B: Peter Bryant
Batting: RHB Tony Hernández 0-0: Called Strike
0-1: Called Strike
0-2: Ball
1-2: Ball
2-2: Strikes out swinging
Batting: RHB Jeremiah Soto 0-0: Foul Ball, location: 2F
0-1: Foul Ball, location: 2F
0-2: Ground out 1-3 (Groundball, 15)
Batting: RHB John Hill 0-0: Called Strike
0-1: Foul Ball, location: 2F
0-2: Strikes out swinging
Top of the 7th over - 0 run(s), 0 hit(s), 0 error(s), 0 left on base; Seattle 3 - Saskatoon 2
BOTTOM OF THE 7TH
Saskatoon Smokin' Guns batting - Pitching for Seattle Rainiers : RHP Tony Baltazar
Batting: LHB José Liñares 0-0: SINGLE (Groundball, 34D)
Batting: RHB Luis Ibarra 0-0: Ball
1-0: Ball
2-0: Ball
3-0: Called Strike
3-1: Fly out, F9 (Line Drive, 9M)
Pinch Hitting: LHB Raúl Casillán 0-0: Ball
1-0: Ball
2-0: Fly out, F7 (Flyball, 7D)
Pinch Hitting: LHB Carlos Perneta 0-0: Foul Ball, location: 2F
0-1: Ball
1-1: Fielders Choice at 2nd, U6 (Groundball, 6M)
Bottom of the 7th over - 0 run(s), 1 hit(s), 0 error(s), 1 left on base; Seattle 3 - Saskatoon 2
TOP OF THE 8TH
Seattle Rainiers batting - Pitching for Saskatoon Smokin' Guns : RHP Luis Mejía
Pitching: RHP Bernardo García
Now at SS: Carlos Perneta
Now in CF: Raúl Casillán
Batting: RHB Bill Dawson 0-0: Called Strike
0-1: Ball
1-1: Called Strike
1-2: Ball
2-2: SOLO HOME RUN (Flyball, 7D), Distance : 417 ft
Batting: RHB Jorge Colón 0-0: Ball
1-0: Ball
2-0: Called Strike
2-1: Ball
3-1: Base on Balls
Batting: RHB Alfredo Farías 0-0: Ball
1-0: Bunted foul
1-1: Bunted foul
1-2: Ball
2-2: Grounds into double play, 4-6-3 (Groundball, 4)
Batting: RHB Robert Marks 0-0: Ball
1-0: Called Strike
1-1: Ball
2-1: Hit by Pitch
Batting: LHB Alan Moore 0-0: Swinging Strike
0-1: Ground out 4-3 (Groundball, 34)
Top of the 8th over - 1 run(s), 1 hit(s), 0 error(s), 1 left on base; Seattle 4 - Saskatoon 2
BOTTOM OF THE 8TH
Saskatoon Smokin' Guns batting - Pitching for Seattle Rainiers : RHP Tony Baltazar
Batting: RHB César Rodríguez 0-0: Ground out U3 (Groundball, 3S)
Batting: RHB Peter Bryant 0-0: Ball
1-0: Ball
2-0: Called Strike
2-1: Ball
3-1: Base on Balls
Batting: LHB Alejandro Rojas 0-0: Ball
1-0: Fielders Choice at 2nd, 4-6 (Groundball, 34)
Batting: RHB Zack Flint 0-0: Ball
1-0: Fly out, F8 (Flyball, 8LM)
Bottom of the 8th over - 0 run(s), 0 hit(s), 0 error(s), 1 left on base; Seattle 4 - Saskatoon 2
TOP OF THE 9TH
Seattle Rainiers batting - Pitching for Saskatoon Smokin' Guns : RHP Bernardo García
Batting: RHB Vincent Braun 0-0: Called Strike
0-1: Ball
1-1: Swinging Strike
1-2: Foul Ball, location: 2F
1-2: Foul Ball, location: 2F
1-2: Ball
2-2: Foul Ball, location: 2F
2-2: Strikes out swinging
Batting: RHB Tony Hernández 0-0: Ground out 1-3 (Groundball, 15S)
Batting: RHB Jeremiah Soto 0-0: Bunt for hit - play at first, batter OUT! 3-4
Top of the 9th over - 0 run(s), 0 hit(s), 0 error(s), 0 left on base; Seattle 4 - Saskatoon 2
BOTTOM OF THE 9TH
Saskatoon Smokin' Guns batting - Pitching for Seattle Rainiers : RHP Tony Baltazar
Pitching: RHP Lúcio Feliciano
Batting: LHB Russell Peck 0-0: Foul Ball, location: 2F
0-1: Called Strike
0-2: Ball
1-2: SINGLE (Line Drive, 34)
Batting: LHB José Liñares 0-0: Called Strike
0-1: Ball
1-1: Fly out, F8 (Flyball, 8LXD)
Batting: RHB Luis Ibarra 0-0: Called Strike
0-1: Ball
1-1: Ball
2-1: Ball
3-1: Base on Balls
Russell Peck to second
Batting: LHB Raúl Casillán 0-0: Ball
1-0: Foul Ball, location: 2F
1-1: Called Strike
1-2: Strikes out looking
Batting: LHB Carlos Perneta 0-0: Ball
1-0: Ground out U3 (Groundball, 3S)
Bottom of the 9th over - 0 run(s), 1 hit(s), 0 error(s), 2 left on base; Seattle 4 - Saskatoon 2
Monday, December 5th, 2016 - OOTP Baseball 17.12 Build 75